[ AOE2 MATCH · #506616702 ]
UnrankedTurks vs Goths
Player's team · WIN
Rival team · LOSS
[ REPLAY ANALYSIS · EXTRACTED FROM THE RECORDED GAME ]
Feudal
10:09
Castle
22:19
Imperial
—
| APM avg | 39.4 |
| APM peak | 85 |
| eAPM avg | 13.8 |
| Villagers / military | 58 / 28 |
Focus
⚔️ 27.3% · 🌾 72.7%
Cavalry Archer ×18 · Scout Cavalry ×9 · Spearman ×1
Feudal
15:40
Castle
21:22
Imperial
—
| APM avg | 38.5 |
| APM peak | 118 |
| eAPM avg | 13.3 |
| Villagers / military | 59 / 24 |
Focus
⚔️ 19.5% · 🌾 80.5%
Militia ×9 · Spearman ×7 · Knight ×4 · Skirmisher ×4
Match map
Initial resources + every placement click. Lines = walls · curves = elevation contours. ◆ gold · ⬟ stone · ● berries · ✦ relic · ◌ wall gap
Your base· Open — unwalled flank
aison2038's base· Open — 4t gap
Smoothed initial terrain · ◌ = detected wall gap · hover for details
Inputs per minute
— Fred - - aison2038
Build order — Fred
First 150 of 152 actions detected
| 0:01 | Queue | Villager (Male) |
| 0:01 | Queue | Villager (Male) |
| 0:02 | Queue | Villager (Male) |
| 0:03 | Build | House |
| 0:04 | Build | House |
| 0:16 | Queue | Villager (Male) |
| 1:46 | Queue | Villager (Male) |
| 1:59 | Build | Lumber Camp |
| 2:01 | Queue | Villager (Male) |
| 2:26 | Queue | Villager (Male) |
| 2:57 | Queue | Villager (Male) |
| 2:57 | Queue | Villager (Male) |
| 3:36 | Queue | Villager (Male) |
| 3:49 | Build | Mill |
| 4:13 | Build | House |
| 4:17 | Queue | Villager (Male) |
| 4:17 | Queue | Villager (Male) |
| 4:28 | Queue | Villager (Male) |
| 4:28 | Queue | Villager (Male) |
| 4:49 | Build | House |
| 5:06 | Queue | Villager (Male) |
| 5:26 | Queue | Villager (Male) |
| 5:44 | Queue | Villager (Male) |
| 6:08 | Queue | Villager (Male) |
| 6:11 | Research | Loom |
| 7:26 | Queue | Villager (Male) |
| 7:59 | Research | Feudal Age |
| 8:07 | Build | Barracks |
| 8:27 | Queue | Villager (Male) |
| 9:21 | Build | House |
| 9:34 | Build | Palisade Wall |
| 9:40 | Queue | Villager (Male) |
| 10:09 | Age | Feudal Age |
| 10:19 | Build | Stable |
| 10:35 | Research | Double-Bit Axe |
| 10:37 | Build | Palisade Wall |
| 10:49 | Queue | Villager (Male) |
| 11:09 | Build | Palisade Wall |
| 11:36 | Queue | Scout Cavalry |
| 11:37 | Queue | Scout Cavalry |
| 12:11 | Queue | Villager (Male) |
| 12:11 | Queue | Villager (Male) |
| 12:17 | Build | Mining Camp |
| 12:29 | Build | Farm |
| 12:30 | Build | Farm |
| 12:39 | Build | Farm |
| 12:40 | Build | Farm |
| 12:41 | Build | Farm |
| 12:47 | Queue | Villager (Male) |
| 13:23 | Queue | Villager (Male) |
| 13:53 | Queue | Villager (Male) |
| 13:56 | Build | Farm |
| 13:57 | Build | Farm |
| 13:59 | Research | Horse Collar |
| 14:54 | Build | Farm |
| 14:55 | Queue | Villager (Male) |
| 14:56 | Queue | Villager (Male) |
| 14:59 | Build | Farm |
| 15:10 | Build | Blacksmith |
| 15:11 | Build | House |
| 15:27 | Build | Farm |
| 15:35 | Build | Farm |
| 15:36 | Build | Farm |
| 15:37 | Build | Farm |
| 15:39 | Build | Farm |
| 15:45 | Queue | Villager (Male) |
| 16:20 | Build | House |
| 16:35 | Queue | Villager (Male) |
| 16:54 | Queue | Villager (Male) |
| 17:14 | Build | Farm |
| 17:16 | Queue | Villager (Male) |
| 17:21 | Build | Farm |
| 17:26 | Queue | Villager (Male) |
| 17:47 | Queue | Spearman |
| 17:55 | Queue | Villager (Male) |
| 17:59 | Build | Farm |
| 18:27 | Build | Farm |
| 18:41 | Queue | Villager (Male) |
| 18:56 | Queue | Villager (Male) |
| 18:59 | Build | Farm |
| 19:01 | Build | Farm |
| 19:11 | Build | Farm |
| 19:29 | Build | Stable |
| 19:39 | Research | Castle Age |
| 20:04 | Build | House |
| 20:05 | Build | House |
| 20:07 | Build | House |
| 20:13 | Queue | Villager (Male) |
| 20:18 | Build | House |
| 20:22 | Build | House |
| 20:31 | Research | Bloodlines |
| 20:38 | Queue | Scout Cavalry |
| 20:50 | Research | Gold Mining |
| 21:12 | Queue | Scout Cavalry |
| 21:19 | Research | Fletching |
| 21:48 | Queue | Scout Cavalry |
| 22:00 | Build | House |
| 22:04 | Queue | Villager (Male) |
| 22:19 | Age | Castle Age |
| 22:28 | Build | Archery Range |
| 22:31 | Build | Archery Range |
| 22:37 | Queue | Villager (Male) |
| 22:41 | Research | Husbandry |
| 22:55 | Queue | Villager (Male) |
| 23:10 | Research | Padded Archer Armor |
| 23:32 | Queue | Villager (Male) |
| 23:49 | Queue | Villager (Male) |
| 23:49 | Queue | Villager (Male) |
| 24:07 | Queue | Cavalry Archer |
| 24:08 | Queue | Cavalry Archer |
| 24:08 | Queue | Cavalry Archer |
| 24:08 | Queue | Cavalry Archer |
| 24:08 | Queue | Cavalry Archer |
| 24:09 | Queue | Cavalry Archer |
| 24:09 | Queue | Cavalry Archer |
| 24:14 | Queue | Villager (Male) |
| 24:14 | Queue | Villager (Male) |
| 24:22 | Build | Lumber Camp |
| 24:49 | Queue | Cavalry Archer |
| 24:49 | Queue | Cavalry Archer |
| 24:59 | Research | Gold Shaft Mining |
| 25:07 | Build | Farm |
| 25:29 | Build | House |
| 26:17 | Queue | Villager (Male) |
| 26:17 | Queue | Villager (Male) |
| 26:24 | Queue | Scout Cavalry |
| 26:24 | Queue | Scout Cavalry |
| 26:24 | Queue | Scout Cavalry |
| 26:24 | Queue | Scout Cavalry |
| 27:31 | Queue | Villager (Male) |
| 27:31 | Queue | Villager (Male) |
| 27:31 | Queue | Villager (Male) |
| 28:20 | Build | Farm |
| 28:25 | Research | Thumb Ring |
| 28:26 | Queue | Cavalry Archer |
| 28:26 | Queue | Cavalry Archer |
| 28:27 | Queue | Cavalry Archer |
| 28:27 | Queue | Cavalry Archer |
| 28:31 | Research | Bodkin Arrow |
| 28:31 | Research | Leather Archer Armor |
| 28:52 | Queue | Villager (Male) |
| 28:53 | Queue | Villager (Male) |
| 28:53 | Queue | Villager (Male) |
| 29:14 | Queue | Villager (Male) |
| 29:14 | Queue | Villager (Male) |
| 29:35 | Queue | Cavalry Archer |
| 29:35 | Queue | Cavalry Archer |
| 29:35 | Queue | Cavalry Archer |
| 29:36 | Queue | Cavalry Archer |
| 29:36 | Queue | Cavalry Archer |
Build order — aison2038
141 actions detected in the replay
| 0:01 | Queue | Villager (Male) |
| 0:01 | Queue | Villager (Male) |
| 0:02 | Build | House |
| 0:04 | Build | House |
| 0:49 | Queue | Villager (Male) |
| 0:50 | Queue | Villager (Male) |
| 1:32 | Queue | Villager (Male) |
| 2:07 | Queue | Villager (Male) |
| 2:08 | Queue | Villager (Male) |
| 2:08 | Queue | Villager (Male) |
| 2:28 | Queue | Villager (Male) |
| 2:28 | Queue | Villager (Male) |
| 2:29 | Research | Loom |
| 3:06 | Queue | Villager (Male) |
| 3:06 | Queue | Villager (Male) |
| 3:33 | Build | Barracks |
| 3:34 | Queue | Villager (Male) |
| 4:04 | Queue | Villager (Male) |
| 4:05 | Queue | Villager (Male) |
| 4:23 | Build | House |
| 4:30 | Queue | Villager (Male) |
| 5:15 | Build | Lumber Camp |
| 5:19 | Queue | Villager (Male) |
| 5:19 | Queue | Villager (Male) |
| 5:20 | Queue | Militia |
| 5:21 | Queue | Militia |
| 5:21 | Queue | Militia |
| 5:41 | Queue | Militia |
| 6:12 | Queue | Villager (Male) |
| 6:18 | Build | House |
| 6:51 | Queue | Villager (Male) |
| 7:18 | Queue | Militia |
| 9:00 | Queue | Villager (Male) |
| 9:02 | Queue | Militia |
| 9:02 | Queue | Militia |
| 9:19 | Queue | Villager (Male) |
| 9:22 | Build | House |
| 9:44 | Queue | Villager (Male) |
| 9:51 | Build | Mill |
| 10:05 | Queue | Militia |
| 10:05 | Queue | Militia |
| 10:27 | Queue | Villager (Male) |
| 10:33 | Build | House |
| 11:15 | Queue | Villager (Male) |
| 11:37 | Queue | Villager (Male) |
| 11:46 | Build | Farm |
| 11:49 | Build | Farm |
| 11:52 | Build | Farm |
| 11:54 | Build | Farm |
| 12:20 | Queue | Villager (Male) |
| 12:24 | Build | Farm |
| 12:27 | Build | Farm |
| 13:05 | Queue | Villager (Male) |
| 13:07 | Research | Feudal Age |
| 13:17 | Build | Mining Camp |
| 13:56 | Build | House |
| 13:58 | Build | Palisade Wall |
| 14:10 | Build | Palisade Wall |
| 14:11 | Build | Palisade Wall |
| 14:12 | Build | Palisade Wall |
| 14:17 | Build | Palisade Wall |
| 14:19 | Build | Palisade Wall |
| 14:28 | Build | Palisade Wall |
| 15:04 | Build | Farm |
| 15:39 | Build | House |
| 15:40 | Age | Feudal Age |
| 16:03 | Queue | Villager (Male) |
| 16:22 | Build | Stable |
| 16:33 | Queue | Villager (Male) |
| 16:59 | Queue | Villager (Male) |
| 17:33 | Build | Market |
| 17:47 | Queue | Villager (Male) |
| 18:17 | Queue | Villager (Male) |
| 18:32 | Queue | Spearman |
| 18:39 | Research | Castle Age |
| 19:27 | Research | Double-Bit Axe |
| 19:28 | Research | Double-Bit Axe |
| 19:30 | Research | Horse Collar |
| 19:30 | Research | Horse Collar |
| 20:12 | Build | Palisade Wall |
| 20:23 | Build | Palisade Wall |
| 20:31 | Build | Palisade Wall |
| 20:40 | Build | Palisade Wall |
| 20:56 | Build | Blacksmith |
| 21:22 | Age | Castle Age |
| 21:26 | Build | Town Center |
| 21:44 | Queue | Villager (Male) |
| 21:44 | Queue | Villager (Male) |
| 22:22 | Build | Town Center |
| 22:31 | Queue | Villager (Male) |
| 22:36 | Queue | Villager (Male) |
| 22:42 | Queue | Villager (Male) |
| 22:51 | Queue | Spearman |
| 23:15 | Queue | Spearman |
| 23:15 | Queue | Spearman |
| 23:28 | Queue | Spearman |
| 23:28 | Queue | Spearman |
| 23:36 | Queue | Villager (Male) |
| 23:40 | Queue | Spearman |
| 23:48 | Queue | Villager (Male) |
| 23:49 | Queue | Villager (Male) |
| 24:05 | Build | Farm |
| 24:16 | Queue | Villager (Male) |
| 24:19 | Build | Farm |
| 24:20 | Queue | Villager (Male) |
| 24:30 | Build | Lumber Camp |
| 24:31 | Queue | Villager (Male) |
| 24:36 | Queue | Villager (Male) |
| 24:37 | Queue | Villager (Male) |
| 24:40 | Build | Farm |
| 24:55 | Build | Farm |
| 24:57 | Build | Farm |
| 24:59 | Build | Farm |
| 25:02 | Build | Farm |
| 25:07 | Queue | Villager (Male) |
| 25:27 | Build | Farm |
| 25:30 | Build | Farm |
| 25:33 | Build | Farm |
| 25:36 | Queue | Villager (Male) |
| 25:36 | Queue | Villager (Male) |
| 25:37 | Queue | Villager (Male) |
| 25:58 | Build | Farm |
| 26:04 | Queue | Villager (Male) |
| 26:05 | Queue | Villager (Male) |
| 26:05 | Queue | Villager (Male) |
| 26:25 | Build | Siege Workshop |
| 26:55 | Queue | Villager (Male) |
| 26:57 | Queue | Villager (Male) |
| 27:49 | Queue | Villager (Male) |
| 27:59 | Queue | Knight |
| 27:59 | Queue | Knight |
| 27:59 | Queue | Knight |
| 27:59 | Queue | Knight |
| 28:16 | Build | Archery Range |
| 28:19 | Queue | Villager (Male) |
| 28:21 | Queue | Villager (Male) |
| 28:21 | Queue | Villager (Male) |
| 29:21 | Queue | Skirmisher |
| 29:21 | Queue | Skirmisher |
| 29:22 | Queue | Skirmisher |
| 29:22 | Queue | Skirmisher |
Match timeline
| 3:33 | aison2038 · first_building Barracks |
| 8:07 | Fred · first_building Barracks |
| 9:34 | Fred · wall_segment Palisade Wall x1 |
| 10:09 | Fred · age_up feudal |
| 10:19 | Fred · first_building Stable |
| 10:37 | Fred · wall_segment Palisade Wall x1 |
| 11:09 | Fred · wall_segment Palisade Wall x1 |
| 13:58 | aison2038 · wall_segment Palisade Wall x1 |
| 14:10 | aison2038 · wall_segment Palisade Wall x1 |
| 14:11 | aison2038 · wall_segment Palisade Wall x1 |
| 14:12 | aison2038 · wall_segment Palisade Wall x1 |
| 14:17 | aison2038 · wall_segment Palisade Wall x1 |
| 14:19 | aison2038 · wall_segment Palisade Wall x1 |
| 14:28 | aison2038 · wall_segment Palisade Wall x1 |
| 15:40 | aison2038 · age_up feudal |
| 16:22 | aison2038 · first_building Stable |
| 20:12 | aison2038 · wall_segment Palisade Wall x10 |
| 20:23 | aison2038 · wall_segment Palisade Wall x7 |
| 20:31 | aison2038 · wall_segment Palisade Wall x11 |
| 20:40 | aison2038 · wall_segment Palisade Wall x6 |
| 21:22 | aison2038 · age_up castle |
| 22:14 | aison2038 · first_market_buy 100 wood |
| 22:19 | Fred · age_up castle |
| 22:28 | Fred · first_building Archery Range |
| 26:25 | aison2038 · first_building Siege Workshop |
| 28:16 | aison2038 · first_building Archery Range |
| 29:42 | aison2038 · resign |
[ AI ANALYSIS · 1 CREDIT ]
What really happened in this match?
Wolo.gg analyzes every decision: build order, eco, micro, common mistakes by bracket. Personalized analysis on WhatsApp or Discord in 30 seconds.
Civ guide
Turks
Perfil
Jugador #495926